 Dungeon Crawl Stone Soup version 0.31.0-32-g396128a36d (webtiles) character file.

Game seed: 2222339493702258879

31 melchizedek the Grasshopper (level 3, 29/29 HPs)
             Began as a Barachi Warper on Apr 17, 2024.
             Quit the game on level 1 of the Dungeon.
             The game lasted 00:02:15 (867 turns).

melchizedek the Grasshopper (Barachi Warper)         Turns: 867, Time: 00:02:16

Health: 29/29      AC:  5    Str: 14    XL:     3   Next: 22%
Magic:  6/6        EV: 11    Int: 13    God:
Gold:   47         SH:  0    Dex: 11    Spells: 4/6 levels left

rFire   . . .        a - +0 falchion
rCold   . . .        (no shield)
rNeg    . . .        h - +0 ring mail
rPois   .            (no helmet)
rElec   .            (no cloak)
rCorr   .            (no gloves)
SInv    .            (no boots)
Will    .....        i - amulet of magic regeneration
Stlth   +            (no ring)
HPRegen 0.24/turn    (no ring)
MPRegen 0.50/turn

%: no passive effects
@: slow
A: amphibious, slowness 1, strong legs 1, +LOS
a: Hop


You were on level 1 of the Dungeon.
You visited 1 branch of the dungeon, and saw 1 of its levels.

You collected 47 gold pieces.

Inventory:

Hand Weapons
 a - a +0 falchion (weapon)
Missiles
 d - 7 darts of dispersal (quivered)
Armour
 b - a +0 leather armour
 h - a +0 ring mail (worn)
Jewellery
 i - an amulet of magic regeneration (around neck)
Scrolls
 c - a scroll of blinking
 e - a scroll of enchant weapon {unknown}
 g - a scroll of identify {unknown}
 j - a scroll of teleportation {unknown}
Potions
 f - a potion of cancellation {unknown}


   Skills:
 + Level 3.0 Fighting
 + Level 2.7 Long Blades
 + Level 1.0 Throwing
 + Level 1.7 Armour
 + Level 2.4 Dodging
 + Level 2.2 Spellcasting
 + Level 3.7 Translocations


You had 4 spell levels left.
You knew the following spells:

 Your Spells              Type           Power      Damage    Failure   Level
a - Blink                 Tloc           22%        N/A       16%         2

Your spell library contained the following spells:

 Spells                   Type           Power      Damage    Failure   Level
 Lesser Beckoning         Tloc           22%        N/A       16%         2
 Teleport Other           Tloc           11%        N/A       30%         3
 Manifold Assault         Tloc           11%        N/A       71%         4
 Vhi's Electric Charge    Tloc/Air       12%        N/A       92%         4


Dungeon Overview and Level Annotations

Branches:
Dungeon (1/15)

Altars:


Innate Abilities, Weirdness & Mutations

You are amphibious.
You cover ground slowly.
You can hop short distances.
You have an extended range of vision and can be seen from far away.


Message History

The hobgoblin closely misses you.
You hit the hobgoblin.
You kill the hobgoblin!
No target in view!
You start resting.
HP restored.
You enter the shallow water.
You now have 47 gold pieces (gained 4).
A dart slug comes into view.
The dart slug launches a dart at you. The slug dart hits you.
The dart slug launches a dart at you. The slug dart hits you.
The dart slug closely misses you.
You hit the dart slug.
The dart slug is lightly wounded.
The dart slug closely misses you.
You hit the dart slug.
The dart slug is heavily wounded.
The dart slug bites you.
You hit the dart slug.
The dart slug is heavily wounded.
The dart slug bites you but does no damage.
You hit the dart slug but do no damage.
The dart slug is heavily wounded.
You hit the dart slug but do no damage.
The dart slug is heavily wounded.
The dart slug bites you.
You hit the dart slug.
The dart slug is severely wounded.
The dart slug bites you but does no damage.
You hit the dart slug.
You kill the dart slug!
Your Fighting skill increases to level 3!
No target in view!
You see here a dart slug corpse.
A goblin comes into view. It is wielding a +0 club.
The goblin shouts!
A goblin is nearby!
Are you sure you want to abandon this character and quit the game? (Confirm with "yes".)

.# #............ ##
#### #.###.####### ....
#.....# ... #####..#
#.. #......# #..
#.##...# #.. #......#
#..####.##...##
#..@.†...........
.g...........####.#####
############## ##


You could see a goblin.

Vanquished Creatures
  A dart slug (D:1)
  2 endoplasms (D:1)
  3 giant cockroaches (D:1)
  2 goblins (D:1)
  A hobgoblin (D:1)
  4 jackals (D:1)
  2 quokkas (D:1)
  2 ball pythons (D:1)
  2 frilled lizards (D:1)
  6 kobolds (D:1)
25 creatures vanquished.

Notes
Turn   | Place    | Note
-------+----------+-------------------------------------------
     0 | D:1      | melchizedek the Barachi Warper began the quest for the Orb.
     0 | D:1      | Reached XP level 1. HP: 17/17 MP: 3/3
   181 | D:1      | Reached XP level 2. HP: 6/23 MP: 5/5
   282 | D:1      | Found a faded altar of an unknown god.
   373 | D:1      | Learned a level 2 spell: Blink
   699 | D:1      | Reached XP level 3. HP: 23/28 MP: 6/6
   867 | D:1      | Quit the game

Illustrated notes

Levels and vault maps discovered:
D:1:      matt_arrival_spirals, layout_loops_ring,
          shapermc_ecumenical_altar_starsandcircs, corexii_hall_statues_i,
          chequers_serial_rivers_micro_c

Skill      XL: |  1  2  3 |
---------------+----------+-----
Fighting       | 3 |  3.0
Long Blades    | |  2.7
Throwing       | |  1.0
Armour         | |  1.7
Dodging        | |  2.4
Spellcasting   | |  2.2
Translocations | |  3.7

Action                     || total
---------------------------++-------
  Melee: Falchion          ||   116
         Punch             ||     1
Ability: Hop               ||     1
 Armour: Leather armour    ||    45
         Ring mail         ||    38
  Dodge: Dodged            ||    78
